Map: Ulrena

Players

Miszu

  • Race: Terran Terran
  • League: Master

Monster - Winner!

  • Race: Terran Terran
  • League: Master

VOD

Have the link to the VOD?

Description

Time

  • Played on: April 22, 2016, 4:14 p.m.
  • Length: 5:50
Show
View Real Time Build Order
Export as new Build Order

Miszu Terran 

Build Orders: 1/1/1 

Get SALT Encoding   

  12  0:01  SCV  
  13  0:13  SCV  
  14  0:17  Supply Depot  
  14  0:25  SCV  
  15  0:39  SCV  
  15  0:40  Refinery  
  16  0:45  Barracks  
  16  0:51  SCV  
  16  0:53  Refinery  
  17  1:03  SCV  
  18  1:15  SCV  
  19  1:28  SCV  
  20  1:38  Factory, Marine  
  21  1:40  Orbital Command  
  21  1:48  Supply Depot  
  21  1:55  Marine  
  22  2:06  SCV  
  23  2:13  Marine  
  24  2:18  SCV  
  25  2:23  Starport, Hellion  
  27  2:30  SCV  
  27  2:31  Marine  
  30  2:47  Hellion  
  30  2:48  Supply Depot  
  31  3:10  Hellion, Marine, Medivac, SCV  
  31  3:12  Supply Depot  
  37  3:22  SCV  
  38  3:30  Marine  
  38  3:34  Supply Depot, Hellion  
  41  3:38  SCV  
  41  3:40  Medivac  
  44  3:51  SCV  
  45  4:07  SCV  
  46  4:11  Command Center  
  46  4:17  Supply Depot  
  46  4:19  SCV  
  47  4:31  SCV  
  47  4:33  Command Center  
  48  4:40  Factory Tech Lab  
  48  4:41  Barracks Reactor  
  48  4:49  Barracks  
  48  4:50  Barracks  
  48  4:51  SCV  
  49  5:03  SCV  
  50  5:07  Starport Reactor  
  50  5:18  SCV  
  45  5:22  Marine  
  45  5:23  Marine  
  45  5:24  Orbital Command  
  47  5:30  SCV  
  47  5:34  Engineering Bay  
  48  5:35  Engineering Bay  
  48  5:37  Barracks Tech Lab  
  48  5:38  Barracks Tech Lab  
Show
View Real Time Build Order
Export as new Build Order

Monster Terran - Winner!

Build Orders:  

Get SALT Encoding   

  12  0:02  SCV  
  13  0:14  SCV  
  14  0:21  Supply Depot  
  14  0:26  SCV  
  16  0:42  SCV  
  16  0:44  Refinery, Barracks  
  16  0:55  SCV  
  17  1:07  SCV  
  18  1:19  SCV  
  19  1:31  Barracks Reactor  
  19  1:32  Orbital Command  
  19  1:42  Command Center  
  19  1:51  Supply Depot  
  19  1:57  SCV  
  20  2:07  Marine  
  20  2:08  Marine  
  22  2:10  SCV  
  22  2:17  Factory  
  22  2:22  SCV  
  23  2:25  Marine x2  
  25  2:36  Refinery, SCV  
  26  2:43  Marine x2  
  28  2:49  SCV  
  29  2:54  Orbital Command  
  29  3:01  Factory Tech Lab  
  29  3:02  Starport  
  29  3:03  SCV  
  30  3:06  Marine  
  30  3:08  Marine  
  30  3:11  Orbital Command  
  32  3:20  Siege Tank  
  32  3:23  SCV  
  36  3:27  Engineering Bay  
  36  3:34  Marine  
  36  3:35  Marine  
  36  3:36  SCV  
  39  3:43  Viking  
  41  3:51  SCV  
  42  4:01  Marine x2  
  44  4:04  SCV  
  44  4:05  Orbital Command  
  44  4:11  Orbital Command  
  44  4:13  Siege Tank  
  47  4:18  Medivac  
  49  4:26  SCV  
  50  4:37  SCV  
  52  4:38  SCV  
  52  4:39  Bunker  
  52  4:40  Marine x2  
  54  4:52  Barracks  
  54  4:53  Supply Depot  
  54  4:54  Barracks  
  54  5:09  Starport Reactor  
  54  5:11  Supply Depot  
  54  5:13  SCV  
  54  5:15  SCV  
  58  5:23  Marine  
  58  5:25  SCV  
  58  5:27  SCV  
  61  5:37  SCV  
  62  5:45  Barracks Tech Lab  
  62  5:46  Supply Depot  
Tags
 
Matchup
TvT
Opening
1/1/1
Race
Terran
Add a new tag
Caveats
  • Supply blocks, unpowered buildings, or Contaminate may cause inaccurate times.
  • Supply counts are checked every 10 seconds.